 Dungeon Sprint DCSS version 0.27-a0-287-gd4424db430 (webtiles) character file.

Game seed: 11576777364406449980

33194 mhtbhm the Executioner (level 13, 0/210 HPs)
             Began as a Minotaur Fighter on Feb 9, 2021.
             Was a High Priest of Trog.
             Slain by Mogul the pandemonium lord (25 damage)
             ... in the Dungeon (Sprint VII: "The Pits").
             The game lasted 00:10:42 (3939 turns).

mhtbhm the Executioner (Minotaur Fighter)           Turns: 3939, Time: 00:10:43

Health: 0/210      AC: 18    Str: 33    XL:     13   Next: 35%
Magic:  12/12      EV: 14    Int:  5    God:    Trog [*****.]
Gold:   0          SH: 16    Dex: 10    Spells: 12/12 levels left

rFire    x . .     SeeInvis +   a - +3 war axe of the Dancing Ancients {flame, Str+7 SInv}
rCold    + + .     Faith    .   c - +0 kite shield
rNeg     + . .     Spirit   .   b - +3 scale mail {rC+}
rPois    .         Reflect  .   (helmet restricted)
rElec    .         Harm     .   C - +0 cloak of Tizy {rN+} (curse)
rCorr    .         Rampage  .   (no gloves)
Will     .....     NoTele   +   (no boots)
Stlth    ..........             (no amulet)
HPRegen  0.45/turn              A - ring of ice
MPRegen  0.13/turn              p - +3 ring of protection

@: mighty, berserking (expiring), lethally poisoned (0 -> -168), very quick
A: retaliatory headbutt, horns 2
a: Renounce Religion, Berserk, Trog's Hand, Brothers in Arms


You were in the Dungeon.
You worshipped Trog.
Trog was extremely pleased with you.
You visited 1 branch

Inventory:

Hand Weapons
 a - the +3 war axe of the Dancing Ancients (weapon) {flame, Str+7 SInv}
   (You found it in the Dungeon)

   It has been specially enchanted to burn those struck by it, causing extra
   injury to most foes and up to half again as much damage against particularly
   susceptible opponents.
   Big, fiery blades are also staple armaments of hydra-hunters.
   It affects your strength (+7).
   It lets you see invisible.
 q - the +9 double sword "Wappeme" {vorpal, rElec rC+ Stlth+}
   (Trog gifted it to you in the Dungeon)

   It inflicts extra damage upon your enemies.
   It protects you from cold.
   It insulates you from electricity.
   It makes you more stealthy.
Missiles
 r - a curare-tipped dart (quivered)
Armour
 b - a +3 scale mail of cold resistance (worn)
 c - a +0 kite shield (worn)
 C - the cursed +0 cloak of Tizy (worn) {rN+}
   (You found it in the Dungeon)

   It protects you from negative energy.
   It has a curse placed upon it.
Jewellery
 o - a +3 ring of evasion
 p - a +3 ring of protection (right hand)
 t - an uncursed ring of protection from fire
 v - an uncursed ring of positive energy
 A - a ring of ice (left hand)
Scrolls
 l - 3 scrolls of remove curse
 m - a scroll of summoning
 s - 6 scrolls of identify
 w - 4 scrolls of enchant weapon
 x - 4 scrolls of enchant armour
 y - a scroll of fog
Potions
 d - 2 potions of might
 e - 5 potions of curing
 f - 8 potions of heal wounds
 g - a potion of haste
 h - 4 potions of magic
 i - 6 potions of berserk rage
 k - 2 potions of invisibility
 n - 4 potions of mutation
Miscellaneous
 u - a condenser vane
 z - a lightning rod (4/4)
 B - a phial of floods


   Skills:
 + Level 20.4 Fighting
 + Level 22.3 Axes
 + Level 17.0 Armour
 + Level 8.6 Dodging
 + Level 2.7 Stealth
 + Level 19.0 Shields
 + Level 2.1 Evocations


You had 12 spell levels left.
You didn't know any spells.
Your spell library was empty.

Dungeon Overview and Level Annotations

Branches:
Dungeon (1/1)

Altars:
Ashenzari
Cheibriados
Dithmenos
Elyvilon
Fedhas
Gozag
Hepliaklqana
Kikubaaqudgha
Makhleb
Nemelex Xobeh
Okawaru
Qazlal
Ru
Sif Muna
Trog
Uskayaw
Vehumet
Wu Jian
Xom
Yredelemnul
Zin
The Shining One
Beogh
Jiyva
Lugonu


Innate Abilities, Weirdness & Mutations

You reflexively headbutt those who attack you in melee.
You have a pair of horns on your head.


Message History

You are engulfed in poison gas.
You are more poisoned.
You feel very sick. Mogul hits you!
* * * LOW HITPOINT WARNING * * *
You slash Mogul! You burn Mogul. Your headbutt misses Mogul.
Mogul is heavily wounded.
* * * LOW HITPOINT WARNING * * *
You feel very sick.
You miss Mogul.
Mogul is heavily wounded.
* * * LOW HITPOINT WARNING * * *
You feel very sick. Mogul hits you!!
* * * LOW HITPOINT WARNING * * *
You completely miss Mogul. You headbutt Mogul!
Mogul is severely wounded.
* * * LOW HITPOINT WARNING * * *
You feel very sick. Mogul hits you!!
You die...

#+# #°# #&# #@#
#)# #.# #'#
################'#
...).............#
.................#
+##############).#
#..#


You could see Mogul.

Vanquished Creatures
  A nagaraja (D)
  An emperor scorpion (D)
  A vampire knight (D)
  A deep elf annihilator (D)
  A great orb of eyes (D)
  An ice dragon (D)
  A hydra (D)
  A merfolk avatar (D)
  An anaconda (D)
  A dancing weapon (D)
  Urug (D)
  A deep elf knight (D)
  A sea snake (D)
  A fire crab (D)
  2 unseen horrors (D)
  A flayed ghost (D)
  4 harpies (D)
  A phantasmal warrior (D)
  Pikel (D)
  A deep elf zephyrmancer (D)
  A deep elf pyromancer (D)
  A cyclops (D)
  A guardian serpent (D)
  A black mamba (D)
  3 smoke demons (D)
  A molten gargoyle (D)
  A gargoyle (D)
  2 yaktaurs (D)
  A kobold demonologist (D)
  An ice devil (D)
  A hellwing (D)
  A rime drake (D)
  A guardian mummy (D)
  2 komodo dragons (D)
  A red devil (D)
  A wind drake (D)
  4 blink frogs (D)
  2 hornets (D)
  Sigmund (D)
  A shadow (D)
  A redback (D)
  A tarantella (D)
  A wraith (D)
  6 yaks (D)
  A fire bat (D)
  A water elemental (D)
  A chaos spawn (D)
  A neqoxec (D)
  4 vampire mosquitoes (D)
  A soldier ant (D)
  An acid dragon (D)
  An orc warrior (D)
  A sky beast (D)
  An eye of draining (D)
  An ogre (D)
  10 wolves (D)
  A centaur (D)
  Blork the orc (D)
  A jelly (D)
  An orc priest (D)
  A hell rat (D)
  2 orc wizards (D)
  A worker ant (D)
  A mummy (D)
  A gnoll (D)
  A river rat (D)
  A white imp (D)
  An ooze (D)
  An adder zombie (D)
  3 orcs (D)
  A bat skeleton (D)
  A giant cockroach (D)
  3 goblins (D)
  3 jackals (D)
  2 quokkas (D)
  A ball python zombie (D)
  A bat (D)
  2 frilled lizards (D)
  2 kobolds (D)
118 creatures vanquished.

Vanquished Creatures (collateral kills)
  A pandemonium lord (D)
  An eidolon (D)
  A great orb of eyes (D)
  A sixfirhy (D)
  A harpy (D)
  An orc knight (D)
  A freezing wraith (D)
  An efreet (D)
  An ice devil (D)
  A troll (D)
  A small abomination (D)
  A tarantella (D)
  A kobold brigand (D)
13 creatures vanquished.

Grand Total: 131 creatures vanquished

Notes
Turn   | Place    | Note
-------+----------+-------------------------------------------
     0 | D        | mhtbhm the Minotaur Fighter began the quest for the Orb.
     0 | D        | Reached XP level 1. HP: 19/19 MP: 0/0
    17 | D        | Found a bloodstained altar of Trog.
    17 | D        | Found a shimmering blue altar of Sif Muna.
    17 | D        | Found a viscous altar of Jiyva.
    17 | D        | Found a hazy altar of Hepliaklqana.
    17 | D        | Found an opulent altar of Gozag.
    18 | D        | Found a glowing golden altar of the Shining One.
    18 | D        | Found a glowing silver altar of Zin.
    18 | D        | Found a basalt altar of Yredelemnul.
    18 | D        | Found a shimmering altar of Xom.
    18 | D        | Found an ornate altar of the Wu Jian Council.
    18 | D        | Found a sacrificial altar of Ru.
    18 | D        | Found a stormy altar of Qazlal.
    18 | D        | Found an iron altar of Okawaru.
    18 | D        | Found a sparkling altar of Nemelex Xobeh.
    18 | D        | Found a burning altar of Makhleb.
    18 | D        | Found a blossoming altar of Fedhas.
    18 | D        | Found a white marble altar of Elyvilon.
    18 | D        | Found a shadowy altar of Dithmenos.
    18 | D        | Found a snail-covered altar of Cheibriados.
    20 | D        | Found a radiant altar of Vehumet.
    20 | D        | Found a corrupted altar of Lugonu.
    20 | D        | Found a roughly hewn altar of Beogh.
    21 | D        | Found a hide-covered altar of Uskayaw.
    21 | D        | Found an ancient bone altar of Kikubaaqudgha.
    21 | D        | Found a broken altar of Ashenzari.
    24 | D        | Became a worshipper of Trog the Wrathful
    59 | D        | Noticed a worker ant
    64 | D        | Killed a worker ant
    65 | D        | Reached skill level 5 in Fighting
    65 | D        | Reached skill level 5 in Armour
    65 | D        | Reached skill level 5 in Shields
    65 | D        | Reached XP level 2. HP: 26/29 MP: 1/1
   230 | D        | Reached * piety under Trog
   232 | D        | Reached XP level 3. HP: 31/36 MP: 2/2
   242 | D        | Reached ** piety under Trog
   246 | D        | Reached skill level 3 in Axes
   454 | D        | Noticed Sigmund
   459 | D        | Reached *** piety under Trog
   463 | D        | Reached **** piety under Trog
   477 | D        | Killed Sigmund
   478 | D        | Reached skill level 7 in Axes
   478 | D        | Reached skill level 1 in Dodging
   478 | D        | Reached XP level 4. HP: 16/49 MP: 3/3
   478 | D        | Reached XP level 5. HP: 19/55 MP: 4/4
   682 | D        | Noticed Pikel
   691 | D        | Killed Pikel
   692 | D        | Reached skill level 10 in Fighting
   692 | D        | Reached skill level 10 in Axes
   692 | D        | Reached XP level 6. HP: 66/66 MP: 5/5
   692 | D        | Reached XP level 7. HP: 72/72 MP: 6/6
   798 | D        | Noticed Blork the orc
   810 | D        | Reached ***** piety under Trog
   816 | D        | Killed Blork the orc
   817 | D        | Reached skill level 10 in Armour
   821 | D        | Reached skill level 11 in Axes
   875 | D        | Noticed a deep elf zephyrmancer
   880 | D        | Killed a deep elf zephyrmancer
   881 | D        | Reached skill level 12 in Axes
   881 | D        | Reached skill level 10 in Shields
   881 | D        | Reached XP level 8. HP: 82/82 MP: 7/7
  1005 | D        | Noticed Urug
  1015 | D        | Killed Urug
  1016 | D        | Reached skill level 13 in Axes
  1016 | D        | Reached XP level 9. HP: 90/90 MP: 8/8
  1016 | D        | Reached ****** piety under Trog
  1016 | D        | Received a gift from Trog
  1017 | D        | Reached skill level 14 in Axes
  1017 | D        | Noticed a sea snake
  1029 | D        | Killed a sea snake
  1030 | D        | Reached skill level 15 in Axes
  1030 | D        | Reached skill level 5 in Dodging
  1107 | D        | Noticed an ice devil
  1107 | D        | Noticed a red devil
  1113 | D        | Killed an ice devil
  1123 | D        | Killed a red devil
  1123 | D        | Received a gift from Trog
  1276 | D        | Noticed a guardian mummy
  1283 | D        | Killed a guardian mummy
  1284 | D        | Reached skill level 16 in Axes
  1294 | D        | Reached XP level 10. HP: 91/101 MP: 9/9
  1302 | D        | Noticed a seven-headed hydra
  1316 | D        | Killed a 13-headed hydra
  1329 | D        | Reached skill level 17 in Axes
  1574 | D        | Noticed a gargoyle
  1574 | D        | Noticed a flayed ghost
  1581 | D        | Killed a gargoyle
  1581 | D        | Received a gift from Trog
  1586 | D        | Reached skill level 1 in Stealth
  1596 | D        | Killed a flayed ghost
  1601 | D        | Received a gift from Trog
  1602 | D        | Reached skill level 18 in Axes
  1677 | D        | Got a scorched double sword {god gift}
  1678 | D        | Identified the +9 double sword "Wappeme" {vorpal, rElec rC+
                  | Stlth+} (Trog gifted it to you in the Dungeon)
  1701 | D        | Killed an unseen horror
  1712 | D        | Noticed a smoke demon
  1719 | D        | Received a gift from Trog
  1722 | D        | Reached skill level 15 in Fighting
  1722 | D        | Reached XP level 11. HP: 84/112 MP: 10/10
  1959 | D        | Received a gift from Trog
  1962 | D        | Reached skill level 19 in Axes
  2008 | D        | Noticed an eidolon
  2028 | D        | Received a gift from Trog
  2030 | D        | Killed an eidolon
  2266 | D        | Received a gift from Trog
  2731 | D        | Noticed a phantasmal warrior
  2738 | D        | Killed a phantasmal warrior
  2739 | D        | Received a gift from Trog
  2740 | D        | Reached skill level 20 in Axes
  2813 | D        | Noticed a merfolk avatar
  2833 | D        | Killed a merfolk avatar
  2833 | D        | Received a gift from Trog
  2834 | D        | Reached skill level 15 in Armour
  2899 | D        | Noticed a great orb of eyes
  2899 | D        | Noticed an ice dragon
  2899 | D        | Noticed a fire crab
  2899 | D        | Noticed a deep elf annihilator
  2899 | D        | Noticed a sixfirhy
  2899 | D        | Noticed an orc knight
  2906 | D        | Killed a great orb of eyes
  2907 | D        | Reached skill level 15 in Shields
  2912 | D        | Killed a fire crab
  2913 | D        | Reached XP level 12. HP: 125/125 MP: 3/11
  2920 | D        | Killed a deep elf annihilator
  2922 | D        | Killed an ice dragon
  2940 | D        | Received a gift from Trog
  2947 | D        | Got the cursed +3 war axe of the Dancing Ancients {flame,
                  | Str+7 SInv}
  3228 | D        | Noticed a nagaraja
  3231 | D        | Noticed a vampire knight
  3232 | D        | Reached skill level 21 in Axes
  3239 | D        | Killed a vampire knight
  3240 | D        | Noticed an emperor scorpion
  3244 | D        | Killed a nagaraja
  3244 | D        | Received a gift from Trog
  3252 | D        | Received a gift from Trog
  3253 | D        | Noticed a great orb of eyes
  3258 | D        | Killed a great orb of eyes
  3263 | D        | Noticed an anaconda
  3269 | D        | Killed an emperor scorpion
  3270 | D        | Received a gift from Trog
  3275 | D        | Reached XP level 13. HP: 67/138 MP: 12/12
  3286 | D        | Reached skill level 22 in Axes
  3286 | D        | Reached skill level 1 in Evocations
  3291 | D        | Received a gift from Trog
  3577 | D        | Got the cursed +0 cloak of Tizy {rN+}
  3669 | D        | Noticed Seyca the pandemonium lord
  3703 | D        | Killed Seyca the pandemonium lord
  3916 | D        | Noticed Mogul the pandemonium lord
  3939 | D        | Slain by Mogul the pandemonium lord

Illustrated notes

Levels and vault maps discovered:
D:        pitsprint [storerooms_1, entrance_room_1, metal_vault_5, armoury_1,
          mini_pit_1, grid_room_1, main_hall_1, silver_pit, the_coven_2,
          the_vestibule_1, steel_vault_2, golden_pit, hallway_of_sentries,
          crystal_vault_5, iron_vault_3, final_vault]

Skill      XL: |  1  2  3  4  5  6  7  8  9 10 11 12 13 |
---------------+----------------------------------------+-----
Fighting       | 5 8 10 11 12 13 15 17 19 20 | 20.4
Armour         | 5 7 9 10 11 12 14 15 16 17 | 17.0
Shields        | 5 7 9 10 11 12 15 17 19 | 19.0
Axes           | 7 10 12 13 16 18 20 21 22 | 22.3
Dodging        | 1 3 4 5 6 8 |  8.6
Stealth        | 1 2 |  2.7
Evocations     | 2 |  2.1

Action                   |  1- 3 |  4- 6 |  7- 9 | 10-12 | 13-15 || total
-------------------------+-------+-------+-------+-------+-------++-------
Melee: Hand axe          |    36 |     9 |    20 |       |       ||    65
       Headbutt          |     3 |     3 |    12 |    43 |     6 ||    67
       War axe           |     1 |       |       |   105 |    42 ||   148
       Broad axe         |       |       |    39 |   116 |       ||   155
Invok: Berserk           |     2 |       |     3 |    10 |     2 ||    17
       Brothers in Arms  |       |       |       |     3 |     3 ||     6
       Trog's Hand       |       |       |       |       |     1 ||     1
Evoke: Lightning rod     |       |       |       |     2 |       ||     2
       Condenser vane    |       |       |       |     1 |     1 ||     2
  Use: Potion            |     3 |       |       |     7 |     4 ||    14
       Scroll            |       |       |       |     1 |     2 ||     3
Armor: Scale mail        |     7 |       |       |       |     4 ||    11
       Chain mail        |    10 |     1 |    17 |    69 |     1 ||    98
Dodge: Dodged            |     9 |     1 |    13 |    91 |     4 ||   118
Block: Kite shield       |    14 |     7 |    26 |   138 |    11 ||   196

Table legend: (Time is in decaauts)
 A = Elapsed time spent in this place.
 B = Non-inter-level travel time spent in this place.
 C = Inter-level travel time spent in this place.
 D = Time resting spent in this place.
 E = Time spent auto-exploring this place.
 F = Levels seen in this place.
 G = Mean time per level.
                   A        B        C        D        E       F      G
               +--------+--------+--------+--------+--------+-----+--------+
         Total |   3986 |   3986 |      0 |   2436 |    235 |   1 | 3986.0 |
       Dungeon |   3986 |   3986 |      0 |   2436 |    235 |   1 | 3986.0 |
               +--------+--------+--------+--------+--------+-----+--------+

Top non-repeatable levels by time:
       D: 3986 daAuts
